TOP OF THE 1ST |
Texas Christian Horned Frogs batting - Pitching for West Virginia Mountaineers : LHP Chris Wells
|
Pitching: LHP Chris Wells
|
|
Batting: RHB Domingo Laydón
|
0-0: Ball 1-0: Ground out 6-3 (Groundball, 6S)
|
Batting: RHB Stan Webb
|
0-0: Ball 1-0: Foul Ball, location: 2F 1-1: Ball 2-1: Fly out, F9 (Flyball, 9LSF)
|
Batting: RHB Brad Ravenshaw
|
0-0: Fly out, F9 (Flyball, 9LS)
|
Top of the 1st over - 0 run(s), 0 hit(s), 0 error(s), 0 left on base; Texas Christian 0 - West Virginia 0 |
BOTTOM OF THE 1ST |
West Virginia Mountaineers batting - Pitching for Texas Christian Horned Frogs : LHP Carlos González
|
Pitching: LHP Carlos González
|
|
Batting: RHB Tom Fisher
|
0-0: Ball 1-0: Ball 2-0: SINGLE (Groundball, 6MD)
|
Batting: RHB Greg Smith
|
0-0: Ball 1-0: Foul Ball, location: 2F 1-1: Ball 2-1: Ball 3-1: Foul Ball, location: 2F 3-2: SINGLE (Flyball, 56D) Tom Fisher to second Tom Fisher to third
|
Batting: LHB Paco Córdova
|
0-0: Ball 1-0: Ball 2-0: SINGLE (Line Drive, 7LS) Tom Fisher scores Greg Smith to second
|
Batting: RHB Víctor León
|
0-0: Called Strike 0-1: Called Strike 0-2: Ball 1-2: Grounds into double play, 4-6-3 (Groundball, 4M) Greg Smith to third
|
Batting: RHB Alfonso Flores
|
0-0: Ball 1-0: Ball 2-0: Called Strike 2-1: Ball 3-1: Ground out 4-3 (Groundball, 34)
|
Bottom of the 1st over - 1 run(s), 3 hit(s), 0 error(s), 1 left on base; Texas Christian 0 - West Virginia 1 |
TOP OF THE 2ND |
Texas Christian Horned Frogs batting - Pitching for West Virginia Mountaineers : LHP Chris Wells
|
Batting: RHB Jeff Byford
|
0-0: Called Strike 0-1: Ball 1-1: Ball 2-1: Ball 3-1: Base on Balls
|
Batting: RHB Britt Short
|
0-0: Ball 1-0: Called Strike 1-1: Foul Ball, location: 2F 1-2: Strikes out swinging
|
Batting: LHB Winston Lewis
|
0-0: Grounds into double play, 4-6-3 (Groundball, 4)
|
Top of the 2nd over - 0 run(s), 0 hit(s), 0 error(s), 0 left on base; Texas Christian 0 - West Virginia 1 |
BOTTOM OF THE 2ND |
West Virginia Mountaineers batting - Pitching for Texas Christian Horned Frogs : LHP Carlos González
|
Batting: RHB Dennis Kelly
|
0-0: Ball 1-0: Called Strike 1-1: Foul Ball, location: 2F 1-2: Foul Ball, location: 2F 1-2: Ball 2-2: Ball 3-2: Foul Ball, location: 2F 3-2: Base on Balls
|
Batting: SHB Karl Webster
|
0-0: Ball 1-0: Ball 2-0: Ball 3-0: Base on Balls Dennis Kelly to second
|
Batting: RHB Ian Howard
|
0-0: Ball 1-0: Ground out 4-3 (Groundball, 4MS) Dennis Kelly to third Karl Webster to second
|
Batting: SHB George Howell
|
0-0: Ball 1-0: Ball 2-0: Called Strike 2-1: Called Strike 2-2: Ball 3-2: Strikes out looking
|
Batting: RHB Tom Fisher
|
0-0: Ball 1-0: Ball 2-0: Foul Ball, location: 2F 2-1: Ball 3-1: Foul Ball, location: 2F 3-2: DOUBLE (Line Drive, 7LS) Dennis Kelly scores Karl Webster scores
|
Batting: RHB Greg Smith
|
0-0: Ground out 5-3 (Groundball, 5)
|
Bottom of the 2nd over - 2 run(s), 1 hit(s), 0 error(s), 1 left on base; Texas Christian 0 - West Virginia 3 |
TOP OF THE 3RD |
Texas Christian Horned Frogs batting - Pitching for West Virginia Mountaineers : LHP Chris Wells
|
Batting: RHB Stan Davis
|
0-0: Called Strike 0-1: Foul Ball, location: 2F 0-2: Ball 1-2: Fly out, F9 (Flyball, 89M)
|
Batting: SHB Ron Winston
|
0-0: Called Strike 0-1: Ball 1-1: Fly out, F7 (Flyball, 7)
|
Batting: LHB Paul Lee
|
0-0: Ball 1-0: SINGLE (Flyball, 7S)
|
Batting: RHB Domingo Laydón
|
0-0: Called Strike 0-1: Swinging Strike 0-2: Ball 1-2: Strikes out looking
|
Top of the 3rd over - 0 run(s), 1 hit(s), 0 error(s), 1 left on base; Texas Christian 0 - West Virginia 3 |
BOTTOM OF THE 3RD |
West Virginia Mountaineers batting - Pitching for Texas Christian Horned Frogs : LHP Carlos González
|
Batting: LHB Paco Córdova
|
0-0: Ball 1-0: SINGLE (Line Drive, 78S)
|
Batting: RHB Víctor León
|
0-0: Ball 1-0: Ball 2-0: Ball 3-0: Base on Balls Paco Córdova to second
|
Batting: RHB Alfonso Flores
|
0-0: Swinging Strike 0-1: Swinging Strike 0-2: Ball 1-2: Strikes out swinging
|
Batting: RHB Dennis Kelly
|
0-0: Called Strike 0-1: Ball 1-1: Foul Ball, location: 2F 1-2: Foul Ball, location: 2F 1-2: Ball 2-2: Ground out 5-3 (Groundball, 5S) Paco Córdova to third Víctor León to second
|
Batting: SHB Karl Webster
|
0-0: Fly out, F8 (Flyball, 8LM)
|
Bottom of the 3rd over - 0 run(s), 1 hit(s), 0 error(s), 2 left on base; Texas Christian 0 - West Virginia 3 |
TOP OF THE 4TH |
Texas Christian Horned Frogs batting - Pitching for West Virginia Mountaineers : LHP Chris Wells
|
Batting: RHB Stan Webb
|
0-0: Ball 1-0: Fly out, F4 (Popup, 4MS)
|
Batting: RHB Brad Ravenshaw
|
0-0: Ball 1-0: Ball 2-0: Ball 3-0: Called Strike 3-1: Ground out 6-3 (Groundball, 6)
|
Batting: RHB Jeff Byford
|
0-0: Fly out, F6 (Line Drive, 6)
|
Top of the 4th over - 0 run(s), 0 hit(s), 0 error(s), 0 left on base; Texas Christian 0 - West Virginia 3 |
BOTTOM OF THE 4TH |
West Virginia Mountaineers batting - Pitching for Texas Christian Horned Frogs : LHP Carlos González
|
Batting: RHB Ian Howard
|
0-0: Ball 1-0: Ball 2-0: Called Strike 2-1: Fly out, F8 (Flyball, 8LM)
|
Batting: SHB George Howell
|
0-0: Called Strike 0-1: Called Strike 0-2: Ball 1-2: Ball 2-2: Foul Ball, location: 2F 2-2: Ball 3-2: Ground out 6-3 (Groundball, 6)
|
Batting: RHB Tom Fisher
|
0-0: Fly out, F4 (Popup, 34D)
|
Bottom of the 4th over - 0 run(s), 0 hit(s), 0 error(s), 0 left on base; Texas Christian 0 - West Virginia 3 |
TOP OF THE 5TH |
Texas Christian Horned Frogs batting - Pitching for West Virginia Mountaineers : LHP Chris Wells
|
Batting: RHB Britt Short
|
0-0: Called Strike 0-1: Called Strike 0-2: Strikes out looking
|
Batting: LHB Winston Lewis
|
0-0: Ball 1-0: Foul Ball, location: 2F 1-1: Called Strike 1-2: Ball 2-2: Ball 3-2: Fly out, F7 (Flyball, 78S)
|
Batting: RHB Stan Davis
|
0-0: Ball 1-0: Called Strike 1-1: Ball 2-1: Foul Ball, location: 2F 2-2: Ball 3-2: Base on Balls
|
Batting: SHB Ron Winston
|
0-0: Foul Ball, location: 2F 0-1: Called Strike 0-2: Foul Ball, location: 2F 0-2: Ball 1-2: Ball 2-2: Ball 3-2: Base on Balls Stan Davis to second
|
Batting: LHB Paul Lee
|
0-0: Called Strike 0-1: Fly out, F8 (Flyball, 8LS)
|
Top of the 5th over - 0 run(s), 0 hit(s), 0 error(s), 2 left on base; Texas Christian 0 - West Virginia 3 |
BOTTOM OF THE 5TH |
West Virginia Mountaineers batting - Pitching for Texas Christian Horned Frogs : LHP Carlos González
|
Batting: RHB Greg Smith
|
0-0: Ball 1-0: Ball 2-0: Called Strike 2-1: Ground out 4-3 (Groundball, 34D)
|
Pitching: RHP Broderick Bower
|
|
Batting: LHB Paco Córdova
|
0-0: Foul Ball, location: 2F 0-1: Foul Ball, location: 2F 0-2: Ball 1-2: Strikes out looking
|
Batting: RHB Víctor León
|
0-0: Swinging Strike 0-1: Foul Ball, location: 2F 0-2: Foul Ball, location: 2F 0-2: Fly out, F8 (Flyball, 8LS)
|
Bottom of the 5th over - 0 run(s), 0 hit(s), 0 error(s), 0 left on base; Texas Christian 0 - West Virginia 3 |
TOP OF THE 6TH |
Texas Christian Horned Frogs batting - Pitching for West Virginia Mountaineers : LHP Chris Wells
|
Batting: RHB Domingo Laydón
|
0-0: Foul Ball, location: 2F 0-1: Fly out, F7 (Flyball, 7)
|
Batting: RHB Stan Webb
|
0-0: Called Strike 0-1: Ball 1-1: Foul Ball, location: 2F 1-2: Ball 2-2: Fly out, F4 (Popup, 4S)
|
Batting: RHB Brad Ravenshaw
|
0-0: Ball 1-0: Ball 2-0: Foul Ball, location: 2F 2-1: SINGLE (Groundball, 6MD)
|
Batting: RHB Jeff Byford
|
0-0: Ball 1-0: Ball 2-0: Reached on error, E5 (Groundball, 56) Brad Ravenshaw to second
|
Batting: RHB Britt Short
|
0-0: Ball 1-0: Swinging Strike 1-1: Swinging Strike 1-2: Ground out 1-3 (Groundball, 13)
|
Top of the 6th over - 0 run(s), 1 hit(s), 1 error(s), 2 left on base; Texas Christian 0 - West Virginia 3 |
BOTTOM OF THE 6TH |
West Virginia Mountaineers batting - Pitching for Texas Christian Horned Frogs : RHP Broderick Bower
|
Batting: RHB Alfonso Flores
|
0-0: Foul Ball, location: 2F 0-1: Called Strike 0-2: Ball 1-2: Strikes out swinging
|
Batting: RHB Dennis Kelly
|
0-0: Foul Ball, location: 2F 0-1: Ball 1-1: Called Strike 1-2: Ball 2-2: Ball 3-2: Strikes out swinging
|
Batting: SHB Karl Webster
|
0-0: Ball 1-0: Ball 2-0: Swinging Strike 2-1: Ball 3-1: Foul Ball, location: 2F 3-2: Base on Balls
|
Batting: RHB Ian Howard
|
0-0: Called Strike 0-1: Ball 1-1: Ball 2-1: Foul Ball, location: 2F 2-2: Foul Ball, location: 2F 2-2: Foul Ball, location: 2F 2-2: Ball 3-2: Foul Ball, location: 2F 3-2: Base on Balls Karl Webster to second
|
Batting: SHB George Howell
|
0-0: Called Strike 0-1: Ball 1-1: Foul Ball, location: 2F 1-2: Foul Ball, location: 2F 1-2: Ground out 4-3 (Groundball, 4D)
|
Bottom of the 6th over - 0 run(s), 0 hit(s), 0 error(s), 2 left on base; Texas Christian 0 - West Virginia 3 |
TOP OF THE 7TH |
Texas Christian Horned Frogs batting - Pitching for West Virginia Mountaineers : LHP Chris Wells
|
Batting: LHB Winston Lewis
|
0-0: Ball 1-0: Called Strike 1-1: Ball 2-1: Swinging Strike 2-2: Foul Ball, location: 2F 2-2: Ball 3-2: Base on Balls
|
Batting: RHB Stan Davis
|
0-0: Ball 1-0: Ball 2-0: Called Strike 2-1: Swinging Strike 2-2: Strikes out swinging
|
Batting: SHB Ron Winston
|
0-0: DOUBLE (Line Drive, 78M) Winston Lewis to third
|
Batting: LHB Paul Lee
|
0-0: Ball 1-0: Called Strike 1-1: Foul Ball, location: 2F 1-2: Foul Ball, location: 2F 1-2: Ball 2-2: SINGLE (Groundball, 3D) Winston Lewis scores Ron Winston to third Runner from 3rd tries for Home, SAFE, throw made home
|
Batting: RHB Domingo Laydón
|
0-0: Called Strike 0-1: Ball 1-1: Foul Ball, location: 2F 1-2: Strikes out swinging
|
Batting: RHB Stan Webb
|
0-0: Called Strike 0-1: Reached on error, E9 (Flyball, 9S) Paul Lee to third
|
Batting: RHB Brad Ravenshaw
|
0-0: Ball 1-0: Called Strike 1-1: SINGLE (Groundball, 6MD) Paul Lee scores Stan Webb to third Runner from 3rd tries for Home, SAFE, throw made home
|
Batting: RHB Jeff Byford
|
0-0: Ball 1-0: SINGLE (Line Drive, 6MD) Brad Ravenshaw to second
|
Batting: RHB Britt Short
|
0-0: Called Strike 0-1: SINGLE (Groundball, 6MD) Brad Ravenshaw to third Jeff Byford to second Runner from 3rd tries for Home, SAFE, no throw
|
Batting: LHB Winston Lewis
|
0-0: Ball 1-0: Called Strike 1-1: Fielders Choice at 2nd, 6-4 (Groundball, 6)
|
Top of the 7th over - 5 run(s), 5 hit(s), 1 error(s), 1 left on base; Texas Christian 5 - West Virginia 3 |
BOTTOM OF THE 7TH |
West Virginia Mountaineers batting - Pitching for Texas Christian Horned Frogs : RHP Broderick Bower
|
Batting: RHB Tom Fisher
|
0-0: Foul Ball, location: 2F 0-1: Reached on error, E4 (Groundball, 4)
|
Batting: RHB Greg Smith
|
0-0: Ball Tom Fisher steals 2nd base 1-0: Ball 2-0: Ground out 1-3 (Groundball, 15S)
|
Batting: LHB Paco Córdova
|
0-0: Ball Tom Fisher steals 3rd base 1-0: 2-RUN HOME RUN (Line Drive, 78XD), Distance : 382 ft
|
Batting: RHB Víctor León
|
0-0: Called Strike 0-1: Called Strike 0-2: Strikes out looking
|
Batting: RHB Alfonso Flores
|
0-0: Ball 1-0: Swinging Strike 1-1: Swinging Strike 1-2: Ball 2-2: Strikes out swinging
|
Bottom of the 7th over - 2 run(s), 1 hit(s), 1 error(s), 0 left on base; Texas Christian 5 - West Virginia 5 |
TOP OF THE 8TH |
Texas Christian Horned Frogs batting - Pitching for West Virginia Mountaineers : LHP Chris Wells
|
Batting: RHB Stan Davis
|
0-0: SINGLE (Groundball, 56S) (infield hit)
|
Batting: SHB Ron Winston
|
0-0: Sac Bunt - play at second, runner OUT! 1-6
|
Batting: LHB Paul Lee
|
0-0: Ball 1-0: Ball 2-0: Foul Ball, location: 2F 2-1: DOUBLE (Flyball, 89XD) Ron Winston to third
|
Batting: RHB Domingo Laydón
|
0-0: Foul Ball, location: 2F 0-1: Foul Ball, location: 2F 0-2: Fly out, F6 (Popup, 6MD)
|
Batting: RHB Stan Webb
|
0-0: Foul Ball, location: 2F 0-1: Foul Ball, location: 2F 0-2: Foul Ball, location: 2F 0-2: Ball 1-2: Ball Wild Pitch! Ron Winston scores Paul Lee to third 2-2: Ball 3-2: Base on Balls
|
Batting: RHB Brad Ravenshaw
|
0-0: Reached on error, E6 (Groundball, 6) Paul Lee scores Stan Webb to second
|
Batting: RHB Jeff Byford
|
0-0: Ball 1-0: Ball 2-0: Called Strike 2-1: Ball 3-1: Fielders Choice at 2nd, 6-4 (Groundball, 6)
|
Top of the 8th over - 2 run(s), 2 hit(s), 1 error(s), 1 left on base; Texas Christian 7 - West Virginia 5 |
BOTTOM OF THE 8TH |
West Virginia Mountaineers batting - Pitching for Texas Christian Horned Frogs : RHP Broderick Bower
|
Batting: RHB Dennis Kelly
|
0-0: Ball 1-0: Called Strike 1-1: Ball 2-1: Fly out, F8 (Flyball, 78D)
|
Pitching: LHP Bob Watkins
|
|
Batting: SHB Karl Webster
|
0-0: Ball 1-0: Foul Ball, location: 2F 1-1: Called Strike 1-2: Foul Ball, location: 2F 1-2: Ball 2-2: Ball 3-2: Base on Balls
|
Batting: RHB Ian Howard
|
0-0: Called Strike 0-1: Foul Ball, location: 2F 0-2: Grounds into double play, 6-4-3 (Groundball, 6)
|
Bottom of the 8th over - 0 run(s), 0 hit(s), 0 error(s), 0 left on base; Texas Christian 7 - West Virginia 5 |
TOP OF THE 9TH |
Texas Christian Horned Frogs batting - Pitching for West Virginia Mountaineers : LHP Chris Wells
|
Batting: RHB Britt Short
|
0-0: Ball 1-0: Ball 2-0: Fly out, F7 (Flyball, 7S)
|
Batting: LHB Winston Lewis
|
0-0: Fly out, F8 (Flyball, 8RD)
|
Batting: RHB Stan Davis
|
0-0: Swinging Strike 0-1: Called Strike 0-2: Ground out 6-3 (Groundball, 6)
|
Top of the 9th over - 0 run(s), 0 hit(s), 0 error(s), 0 left on base; Texas Christian 7 - West Virginia 5 |
BOTTOM OF THE 9TH |
West Virginia Mountaineers batting - Pitching for Texas Christian Horned Frogs : LHP Bob Watkins
|
Pitching: LHP Richard Warren
|
|
Batting: SHB George Howell
|
0-0: Called Strike 0-1: Fly out, F7 (Flyball, 7LD)
|
Batting: RHB Tom Fisher
|
0-0: Fly out, F8 (Flyball, 8RS)
|
Batting: RHB Greg Smith
|
0-0: Ball 1-0: Swinging Strike 1-1: Foul Ball, location: 2F 1-2: Ball 2-2: Ball 3-2: Strikes out swinging
|
Bottom of the 9th over - 0 run(s), 0 hit(s), 0 error(s), 0 left on base; Texas Christian 7 - West Virginia 5 |
|